NULL
Full Scoreboard »»

Panthers vs Golden Knights

Created - February 11, 2024 at 22:22

Goals
1 2 3 T
Panthers 1 1 1 3
Golden Knights 2 1 1 4
Shots
1 2 3 T
Panthers 11 8 13 32
Golden Knights 16 18 18 52

GoalsPenalties
1st period
1. Golden Knights , Alex DeBrincat 13 (Tomas Hertl 19) at 0:08
2. Golden Knights , Ryan Leonard 6 (Shane Pinto 10) at 13:15
3. Panthers , Axel Sandin-Pellikka 6 (Dmitry Kulikov 8, Philipp Grubauer) at 19:54 (PP)
Mike Matheson (VGK) for Hooking (Minor) at 19:08
2nd period
4. Panthers , Mason Appleton 9 (Bo Horvat 26) at 6:08
5. Golden Knights , Ryan Leonard 7 (Josh Morrissey 14, Mike Matheson 10) at 6:59
Jaden Schwartz (FLA) for Roughing (Minor) at 7:22
3rd period
6. Panthers , Jack Hughes 14 (Eetu Luostarinen 7, Niko Mikkola 2) at 2:23
7. Golden Knights , Mark Stone 14 (Mike Matheson 11, Jared Spurgeon 14) at 6:43 (PP)
Jesper Fast (FLA) for Holding (Minor) at 6:28
Jeff Petry (FLA) for Hooking (Minor) at 13:36
Goalie Stats
Philipp Grubauer (FLA), 48 saves from 52 shots - (0.923), L, 6-3-1, 59:27 minutes
Sergei Bobrovsky (VGK), 29 saves from 32 shots - (0.906), W, 10-6-4, 60:00 minutes
3 StarsOfficial
1 - Ryan Leonard (VGK)
2 - Mike Matheson (VGK)
3 - Alex DeBrincat (VGK)
Referees : Unknown
Linesman : Unknown
Game Note
Ethan Bear is injured at 9:05 of 1st period (Strained Right Elbow)



Team Name Goals Shots Shots Attemp Shots Blocked PIM HIT PP PK FO%
Panthers 33255216291 / 1 (100%)145%
Golden Knights 4529492281 / 3 (33%)155%

Panthers
Player Name POS G A P +/- PIM HIT SHT SB MP PP MP PP SHT PK MP PK SHT FO% FOT GA TA
Adam LowryC/LW000-1011117:460:3410:400100% 100
Axel Sandin-PellikkaD1010005219:370:1212:1100% 000
Bo HorvatC011-1031018:410:3401:45050% 1411
Connor DewarC000000002:420:0000:0700% 000
Dmitry KulikovD0111031426:200:1201:1800% 010
Dmitry OrlovD000-2011225:130:3401:5500% 010
Eetu LuostarinenC/LW011-1031016:500:0000:2400% 211
Ethan BearD000000002:250:0000:0000% 000
Jack HughesC1011015223:120:1201:45029% 2411
Jaden SchwartzC/LW0000245017:520:1201:100100% 200
Jeff PetryD000-2221523:080:3400:4800% 000
Jesper FastLW/RW0000252115:400:1200:0000% 102
Mason AppletonLW/RW101-1026018:060:3400:0000% 000
Michael McLeodC000100007:290:0000:450100% 201
Nazem KadriC000-1022217:170:0002:04057% 1410
Niko MikkolaD0111011222:050:0002:0000% 000
Ondrej KaseLW/RW000-1000015:370:0000:0000% 000
Zack KassianLW/RW000101005:440:0000:0000% 000
Golden Knights
Player Name POS G A P +/- PIM HIT SHT SB MP PP MP PP SHT PK MP PK SHT FO% FOT GA TA
Alex DeBrincatC/LW/RW1011015117:102:0410:0000% 010
Brett PesceD0000014319:440:0000:3400% 001
Jared SpurgeonD0110012021:012:0900:4600% 011
Joel FarabeeLW0001051116:482:0800:0000% 101
Josh AndersonRW00000611016:510:0100:3200% 011
Josh MorrisseyD0112005120:162:0400:0000% 000
Kieffer BellowsLW000-101009:090:0400:0000% 001
Mark StoneLW/RW1011013018:042:0810:0000% 001
Mike MathesonD0222230020:182:0900:0000% 000
Nathan BastianRW000-101219:010:0000:0000% 000
Nick BlankenburgD000-1010118:550:0000:1200% 000
Owen PowerD000-1000119:452:0400:0000% 020
Patrick BrownC000-101109:030:0000:32033% 300
Pius SuterC0000002015:130:0000:14062% 2100
Ryan LeonardC/LW/RW2021016016:462:0100:0000% 200
Shane PintoC0111022016:472:0800:00056% 1800
Taylor RaddyshLW/RW0000016016:190:0100:1400% 000
Tomas HertlC/LW/RW0111022018:032:0400:00060% 1510

Panthers

5 vs 5 Forward
Line #Left WingCenterRight WingPHYDFOFWanted %Time %Time Play
1Jaden SchwartzJack HughesJesper Fast1223028%15:12
2Adam LowryBo HorvatMason Appleton1223033%17:40
3Eetu LuostarinenNazem KadriOndrej Kase1223028%15:13
4Zack KassianMichael McLeodJack Hughes1221011%5:44
5 vs 5 Defense
Line #DefenseDefensePHYDFOFWanted %Time %Time Play
1Dmitry OrlovJeff Petry1223029%15:45
2Ethan BearAxel Sandin-Pellikka1223032%17:19
3Dmitry KulikovNiko Mikkola1223030%16:11
4Dmitry OrlovJeff Petry122108%4:34
Power Play Forward
Line #Left WingCenterRight WingPHYDFOFWanted %Time %Time Play
1Jaden SchwartzJack HughesJesper Fast1225026%0:12
2Adam LowryBo HorvatMason Appleton1225074%0:34
Power Play Defense
Line #DefenseDefensePHYDFOFWanted %Time %Time Play
1Dmitry OrlovJeff Petry1225074%0:34
2Ethan BearAxel Sandin-Pellikka1225026%0:12
Penalty Kill 4 Players Forward
Line #CenterWingPHYDFOFWanted %Time %Time Play
1Jack HughesBo Horvat1225044%1:52
2Nazem KadriJaden Schwartz1225056%2:21
Penalty Kill 4 Players Defense
Line #DefenseDefensePHYDFOFWanted %Time %Time Play
1Dmitry OrlovJeff Petry1225048%2:02
2Ethan BearAxel Sandin-Pellikka1225052%2:11
Penalty Kill 3 Players
Line #WingPHYDFOFWanted %Time %Time PlayDefenseDefensePHYDFOFWanted %Time %Time Play
1Jack Hughes122500%0:00 Dmitry OrlovJeff Petry122500%0:00
2Bo Horvat122500%0:00 Ethan BearAxel Sandin-Pellikka122500%0:00
4 vs 4 Forward
Line #CenterWingPHYDFOFWanted %Time %Time Play
1Jack HughesBo Horvat122500%0:00
2Nazem KadriJaden Schwartz122500%0:00
4 vs 4 Defense
Line #DefensePHYDFOFWanted %Time %Time Play
1Dmitry OrlovJeff Petry122500%0:00
2Ethan BearAxel Sandin-Pellikka122500%0:00
Last Minutes Offensive
Left WingCenterRight WingDefenseDefense
Jaden SchwartzJack HughesJesper FastDmitry OrlovJeff Petry
Last Minutes Defensive
Left WingCenterRight WingDefenseDefense
Jaden SchwartzJack HughesJesper FastDmitry OrlovJeff Petry
Time
Total ForwardTotal DefenseLast Minutes OffensiveLast Minutes Defensive
60:00 60:00 1:120:00
Extra Forwards
Normal PowerPlayPenalty Kill
Connor Dewar, Eetu Luostarinen, Michael McLeodConnor Dewar, Eetu LuostarinenMichael McLeod
Extra Defensemen
Normal PowerPlayPenalty Kill
Dmitry Kulikov, Niko Mikkola, Ethan BearDmitry Kulikov, Niko MikkolaEthan Bear
Penalty Shots
Jack Hughes, Bo Horvat, Nazem Kadri, Jaden Schwartz, Adam Lowry
Goalie
Philipp Grubauer, Darcy Kuemper
Custom OT Lines Forwards
Jack Hughes, Bo Horvat, Nazem Kadri, Jaden Schwartz, Adam Lowry, Eetu Luostarinen, Jesper Fast, Mason Appleton, Michael McLeod, Ondrej Kase
Custom OT Lines Defensemen
Dmitry Orlov, Jeff Petry, Ethan Bear, Axel Sandin-Pellikka, Dmitry Kulikov
Scratches
Marek Alscher (Healthy), Riley Nash (Healthy)

Golden Knights

5 vs 5 Forward
Line #Left WingCenterRight WingPHYDFOFWanted %Time %Time Play
1Mark StoneTomas HertlAlex DeBrincat1223028%14:50
2Joel FarabeeShane PintoRyan Leonard1223030%16:11
3Taylor RaddyshPius SuterJosh Anderson1223028%14:59
4Kieffer BellowsPatrick BrownNathan Bastian1221015%7:52
5 vs 5 Defense
Line #DefenseDefensePHYDFOFWanted %Time %Time Play
1Mike MathesonJosh Morrissey1223434%18:12
2Jared SpurgeonBrett Pesce1223334%18:06
3Owen PowerNick Blankenburg1223333%17:34
4Mike MathesonJosh Morrissey12200%0:00
Power Play Forward
Line #Left WingCenterRight WingPHYDFOFWanted %Time %Time Play
1Ryan LeonardTomas HertlAlex DeBrincat1225049%2:04
2Joel FarabeeShane PintoMark Stone1225051%2:09
Power Play Defense
Line #DefenseDefensePHYDFOFWanted %Time %Time Play
1Owen PowerJosh Morrissey1225049%2:04
2Mike MathesonJared Spurgeon1225051%2:09
Penalty Kill 4 Players Forward
Line #CenterWingPHYDFOFWanted %Time %Time Play
1Pius SuterTaylor Raddysh1225030%0:14
2Patrick BrownJosh Anderson1225070%0:32
Penalty Kill 4 Players Defense
Line #DefenseDefensePHYDFOFWanted %Time %Time Play
1Brett PesceJared Spurgeon1225074%0:34
2Mike MathesonNick Blankenburg1225026%0:12
Penalty Kill 3 Players
Line #WingPHYDFOFWanted %Time %Time PlayDefenseDefensePHYDFOFWanted %Time %Time Play
1Patrick Brown122500%0:00 Mike MathesonJosh Morrissey122500%0:00
2Pius Suter122500%0:00 Jared SpurgeonBrett Pesce122500%0:00
4 vs 4 Forward
Line #CenterWingPHYDFOFWanted %Time %Time Play
1Tomas HertlMark Stone122500%0:00
2Alex DeBrincatJosh Anderson122500%0:00
4 vs 4 Defense
Line #DefensePHYDFOFWanted %Time %Time Play
1Mike MathesonJosh Morrissey122500%0:00
2Owen PowerNick Blankenburg122500%0:00
Last Minutes Offensive
Left WingCenterRight WingDefenseDefense
Ryan LeonardTomas HertlAlex DeBrincatOwen PowerJosh Morrissey
Last Minutes Defensive
Left WingCenterRight WingDefenseDefense
Mark StoneTomas HertlNathan BastianBrett PesceJared Spurgeon
Time
Total ForwardTotal DefenseLast Minutes OffensiveLast Minutes Defensive
60:00 60:00 0:001:09
Extra Forwards
Normal PowerPlayPenalty Kill
Kieffer Bellows, Taylor Raddysh, Joel FarabeeKieffer Bellows, Taylor RaddyshJoel Farabee
Extra Defensemen
Normal PowerPlayPenalty Kill
Owen Power, Nick Blankenburg, Jared SpurgeonOwen Power, Nick BlankenburgJared Spurgeon
Penalty Shots
Tomas Hertl, Mark Stone, Alex DeBrincat, Josh Anderson, Shane Pinto
Goalie
Sergei Bobrovsky, Anthony Stolarz
Custom OT Lines Forwards
Tomas Hertl, Mark Stone, Alex DeBrincat, Josh Anderson, Shane Pinto, Ryan Leonard, Taylor Raddysh, Joel Farabee, Pius Suter, Nathan Bastian
Custom OT Lines Defensemen
Mike Matheson, Josh Morrissey, Jared Spurgeon, Brett Pesce, Owen Power
Scratches
Aku Raty (Healthy), Mikko Koskinen (Healthy)


Play-by-Play

1st period


0:01 of 1st period - Tomas Hertl wins face-off versus Jack Hughes in neutral zone.
0:06 of 1st period - Snap shot by Tomas Hertl.
0:06 of 1st period - Shot Misses the Net.
0:08 of 1st period - Snap shot by Alex DeBrincat.
0:08 of 1st period - Goal by Alex DeBrincat - Panthers : 0 - Golden Knights : 1.
0:09 of 1st period - Shane Pinto wins face-off versus Bo Horvat in neutral zone.
0:36 of 1st period - Axel Sandin-Pellikka is hit by Nathan Bastian.
0:48 of 1st period - Snap shot by Jared Spurgeon.
0:48 of 1st period - Shot Misses the Net.
0:54 of 1st period - Brett Pesce is hit by Eetu Luostarinen and loses puck.
1:05 of 1st period - Snap shot by Josh Anderson.
1:05 of 1st period - Deflect By Taylor Raddysh.
1:05 of 1st period - Stopped by Philipp Grubauer with a rebound.
1:13 of 1st period - Slapshot by Pius Suter.
1:13 of 1st period - Stopped by Philipp Grubauer with a rebound.
1:45 of 1st period - Dmitry Kulikov is hit by Joel Farabee and loses puck.
1:54 of 1st period - Snap shot by Ryan Leonard.
1:54 of 1st period - Stopped by Philipp Grubauer without a rebound.
1:55 of 1st period - Pius Suter wins face-off versus Nazem Kadri in Panthers zone.
1:58 of 1st period - Snap shot by Josh Anderson.
1:58 of 1st period - Deflect By Taylor Raddysh.
1:58 of 1st period - Shot Blocked by Dmitry Orlov.
1:58 of 1st period - Puck is out of play.
1:59 of 1st period - Pius Suter wins face-off versus Nazem Kadri in Panthers zone.
2:10 of 1st period - Snap shot by Josh Anderson.
2:10 of 1st period - Stopped by Philipp Grubauer with a rebound.
2:12 of 1st period - Snap shot by Josh Anderson.
2:12 of 1st period - Deflect By Dmitry Orlov.
2:12 of 1st period - Stopped by Philipp Grubauer without a rebound.
2:13 of 1st period - Tomas Hertl wins face-off versus Jack Hughes in Panthers zone.
2:39 of 1st period - Icing by Eetu Luostarinen.
2:40 of 1st period - Shane Pinto wins face-off versus Nazem Kadri in Panthers zone.
3:27 of 1st period - Tomas Hertl is hit by Jesper Fast and loses puck.
3:34 of 1st period - Slapshot by Jaden Schwartz.
3:34 of 1st period - Stopped by Sergei Bobrovsky with a rebound.
3:36 of 1st period - Snap shot by Jack Hughes.
3:36 of 1st period - Shot Misses the Net.
3:48 of 1st period - Snap shot by Owen Power.
3:48 of 1st period - Shot Misses the Net.
3:50 of 1st period - Snap shot by Nathan Bastian.
3:50 of 1st period - Stopped by Philipp Grubauer with a rebound.
3:52 of 1st period - Snap shot by Nathan Bastian.
3:52 of 1st period - Shot Misses the Net.
3:54 of 1st period - Snap shot by Patrick Brown.
3:54 of 1st period - Stopped by Philipp Grubauer without a rebound.
3:55 of 1st period - Pius Suter wins face-off versus Bo Horvat in Panthers zone.
3:56 of 1st period - Slapshot by Josh Anderson.
3:56 of 1st period - Stopped by Philipp Grubauer without a rebound.
3:57 of 1st period - Bo Horvat wins face-off versus Pius Suter in Panthers zone.
4:04 of 1st period - Wrist shot by Axel Sandin-Pellikka.
4:04 of 1st period - Shot Misses the Net.
4:14 of 1st period - Adam Lowry is hit by Josh Anderson and loses puck.
4:35 of 1st period - Slapshot by Jack Hughes.
4:35 of 1st period - Shot Misses the Net.
4:49 of 1st period - Snap shot by Tomas Hertl.
4:49 of 1st period - Deflect By Mark Stone.
4:49 of 1st period - Shot Blocked by Jeff Petry.
4:49 of 1st period - Puck is out of play.
4:50 of 1st period - Tomas Hertl wins face-off versus Eetu Luostarinen in Panthers zone.
5:47 of 1st period - Dmitry Orlov is hit by Alex DeBrincat.
6:31 of 1st period - Snap shot by Alex DeBrincat.
6:31 of 1st period - Stopped by Philipp Grubauer without a rebound.
6:32 of 1st period - Pius Suter wins face-off versus Jack Hughes in Panthers zone.
6:47 of 1st period - Jaden Schwartz is hit by Mike Matheson and loses puck.
7:00 of 1st period - Backhand shot by Mason Appleton.
7:00 of 1st period - Stopped by Sergei Bobrovsky with a rebound.
7:47 of 1st period - Taylor Raddysh is hit by Jesper Fast and loses puck.
8:08 of 1st period - Kieffer Bellows is hit by Zack Kassian.
8:18 of 1st period - Shane Pinto is hit by Niko Mikkola and loses puck.
9:04 of 1st period - Ethan Bear is hit by Ryan Leonard and loses puck.
9:05 of 1st period - Ethan Bear from Panthers is injured at 9:05 of 1st period (Strained Right Elbow).
9:06 of 1st period - Adam Lowry wins face-off versus Shane Pinto in Panthers zone.
9:17 of 1st period - Off-side.
9:18 of 1st period - Pius Suter wins face-off versus Jack Hughes in neutral zone.
10:44 of 1st period - Wrist shot by Josh Anderson.
10:44 of 1st period - Shot Blocked by Adam Lowry.
10:50 of 1st period - Wrist shot by Josh Anderson.
10:50 of 1st period - Stopped by Philipp Grubauer with a rebound.
10:52 of 1st period - Wrist shot by Pius Suter.
10:52 of 1st period - Deflect By Josh Anderson.
10:52 of 1st period - Stopped by Philipp Grubauer with a rebound.
11:07 of 1st period - Snap shot by Ryan Leonard.
11:07 of 1st period - Shot Misses the Net.
11:21 of 1st period - Slapshot by Axel Sandin-Pellikka.
11:21 of 1st period - Stopped by Sergei Bobrovsky with a rebound.
12:08 of 1st period - Ryan Leonard is hit by Jeff Petry and loses puck.
12:19 of 1st period - Owen Power is hit by Eetu Luostarinen.
12:51 of 1st period - Wrist shot by Joel Farabee.
12:51 of 1st period - Stopped by Philipp Grubauer without a rebound.
12:52 of 1st period - Nazem Kadri wins face-off versus Shane Pinto in Panthers zone.
12:59 of 1st period - Dmitry Orlov is hit by Joel Farabee.
13:15 of 1st period - Slapshot by Ryan Leonard.
13:15 of 1st period - Goal by Ryan Leonard - Panthers : 0 - Golden Knights : 2.
13:16 of 1st period - Jaden Schwartz wins face-off versus Pius Suter in neutral zone.
15:34 of 1st period - Slapshot by Ryan Leonard.
15:34 of 1st period - Shot Misses the Net.
15:44 of 1st period - Adam Lowry is hit by Josh Anderson and loses puck.
16:09 of 1st period - Brett Pesce is hit by Mason Appleton and loses puck.
16:14 of 1st period - Slapshot by Axel Sandin-Pellikka.
16:14 of 1st period - Shot Blocked by Brett Pesce.
16:16 of 1st period - Snap shot by Adam Lowry.
16:16 of 1st period - Shot Blocked by Nathan Bastian.
16:18 of 1st period - Wrist shot by Adam Lowry.
16:18 of 1st period - Shot Misses the Net.
16:22 of 1st period - Wrist shot by Mason Appleton.
16:22 of 1st period - Stopped by Sergei Bobrovsky without a rebound.
16:23 of 1st period - Jack Hughes wins face-off versus Pius Suter in Golden Knights zone.
16:26 of 1st period - Snap shot by Jaden Schwartz.
16:26 of 1st period - Stopped by Sergei Bobrovsky with a rebound.
16:28 of 1st period - Snap shot by Jack Hughes.
16:28 of 1st period - Shot Misses the Net.
16:34 of 1st period - Wrist shot by Jaden Schwartz.
16:34 of 1st period - Stopped by Sergei Bobrovsky with a rebound.
16:36 of 1st period - Snap shot by Jesper Fast.
16:36 of 1st period - Stopped by Sergei Bobrovsky with a rebound.
16:38 of 1st period - Snap shot by Jesper Fast.
16:38 of 1st period - Deflect By Jack Hughes.
16:38 of 1st period - Shot Blocked by Nick Blankenburg.
16:38 of 1st period - Puck is out of play.
16:39 of 1st period - Nazem Kadri wins face-off versus Shane Pinto in Golden Knights zone.
16:40 of 1st period - Slapshot by Axel Sandin-Pellikka.
16:40 of 1st period - Stopped by Sergei Bobrovsky with a rebound.
16:42 of 1st period - Slapshot by Dmitry Kulikov.
16:42 of 1st period - Stopped by Sergei Bobrovsky with a rebound.
16:50 of 1st period - Jared Spurgeon is hit by Eetu Luostarinen and loses puck.
17:05 of 1st period - Jared Spurgeon is hit by Jesper Fast and loses puck.
17:32 of 1st period - Slapshot by Alex DeBrincat.
17:32 of 1st period - Stopped by Philipp Grubauer with a rebound.
18:07 of 1st period - Mike Matheson is hit by Jack Hughes and loses puck.
18:26 of 1st period - Wrist shot by Taylor Raddysh.
18:26 of 1st period - Stopped by Philipp Grubauer with a rebound.
18:28 of 1st period - Snap shot by Brett Pesce.
18:28 of 1st period - Shot Blocked by Niko Mikkola.
18:30 of 1st period - Snap shot by Taylor Raddysh.
18:30 of 1st period - Shot Blocked by Dmitry Kulikov.
18:40 of 1st period - Slapshot by Tomas Hertl.
18:40 of 1st period - Shot Misses the Net.
18:43 of 1st period - Icing by Dmitry Kulikov.
18:44 of 1st period - Michael McLeod wins face-off versus Tomas Hertl in Panthers zone.
18:44 of 1st period - Michael McLeod is hit by Mark Stone.
19:08 of 1st period - Minor Penalty to Mike Matheson for Hooking.
19:09 of 1st period - Pius Suter wins face-off versus Bo Horvat in Golden Knights zone.
19:18 of 1st period - Off-side.
19:19 of 1st period - Bo Horvat wins face-off versus Patrick Brown in neutral zone.
19:42 of 1st period - Slapshot by Adam Lowry.
19:42 of 1st period - Stopped by Sergei Bobrovsky without a rebound.
19:43 of 1st period - Pius Suter wins face-off versus Jack Hughes in Golden Knights zone.
19:54 of 1st period - Slapshot by Axel Sandin-Pellikka.
19:54 of 1st period - Goal by Axel Sandin-Pellikka - Panthers : 1 - Golden Knights : 2.
19:55 of 1st period - Shane Pinto wins face-off versus Jack Hughes in neutral zone.
Goals for this period are 1 for Panthers vs 2 for Golden Knights.
Shots for this period are 11 for Panthers vs 16 for Golden Knights.

2nd period


0:01 of 2nd period - Pius Suter wins face-off versus Jack Hughes in neutral zone.
0:13 of 2nd period - Wrist shot by Josh Anderson.
0:13 of 2nd period - Stopped by Philipp Grubauer without a rebound.
0:14 of 2nd period - Shane Pinto wins face-off versus Nazem Kadri in Panthers zone.
0:21 of 2nd period - Wrist shot by Shane Pinto.
0:21 of 2nd period - Stopped by Philipp Grubauer with a rebound.
0:39 of 2nd period - Mike Matheson is hit by Jaden Schwartz.
1:49 of 2nd period - Eetu Luostarinen is hit by Patrick Brown and loses puck.
2:13 of 2nd period - Slapshot by Josh Morrissey.
2:13 of 2nd period - Shot Blocked by Dmitry Orlov.
2:33 of 2nd period - Snap shot by Josh Anderson.
2:33 of 2nd period - Shot Blocked by Dmitry Kulikov.
2:35 of 2nd period - Wrist shot by Josh Anderson.
2:35 of 2nd period - Shot Blocked by Axel Sandin-Pellikka.
2:55 of 2nd period - Slapshot by Alex DeBrincat.
2:55 of 2nd period - Shot Blocked by Jack Hughes.
2:57 of 2nd period - Slapshot by Brett Pesce.
2:57 of 2nd period - Stopped by Philipp Grubauer with a rebound.
2:59 of 2nd period - Slapshot by Mark Stone.
2:59 of 2nd period - Stopped by Philipp Grubauer with a rebound.
3:03 of 2nd period - Snap shot by Alex DeBrincat.
3:03 of 2nd period - Shot Misses the Net.
3:05 of 2nd period - Slapshot by Brett Pesce.
3:05 of 2nd period - Stopped by Philipp Grubauer without a rebound.
3:06 of 2nd period - Nazem Kadri wins face-off versus Shane Pinto in Panthers zone.
3:33 of 2nd period - Adam Lowry is hit by Josh Anderson and loses puck.
3:38 of 2nd period - Wrist shot by Pius Suter.
3:38 of 2nd period - Shot Misses the Net.
3:40 of 2nd period - Slapshot by Josh Anderson.
3:40 of 2nd period - Stopped by Philipp Grubauer with a rebound.
3:42 of 2nd period - Slapshot by Brett Pesce.
3:42 of 2nd period - Deflect By Bo Horvat.
3:42 of 2nd period - Stopped by Philipp Grubauer with a rebound.
3:44 of 2nd period - Slapshot by Brett Pesce.
3:44 of 2nd period - Deflect By Mason Appleton.
3:44 of 2nd period - Stopped by Philipp Grubauer without a rebound.
3:45 of 2nd period - Nazem Kadri wins face-off versus Tomas Hertl in Panthers zone.
3:52 of 2nd period - Snap shot by Alex DeBrincat.
3:52 of 2nd period - Stopped by Philipp Grubauer with a rebound.
3:54 of 2nd period - Wrist shot by Mark Stone.
3:54 of 2nd period - Stopped by Philipp Grubauer with a rebound.
3:56 of 2nd period - Slapshot by Jared Spurgeon.
3:56 of 2nd period - Shot Misses the Net.
4:38 of 2nd period - Slapshot by Josh Anderson.
4:38 of 2nd period - Stopped by Philipp Grubauer with a rebound.
5:43 of 2nd period - Icing by Jared Spurgeon.
5:44 of 2nd period - Nazem Kadri wins face-off versus Shane Pinto in Golden Knights zone.
5:57 of 2nd period - Wrist shot by Nazem Kadri.
5:57 of 2nd period - Stopped by Sergei Bobrovsky with a rebound.
6:06 of 2nd period - Icing by Jared Spurgeon.
6:07 of 2nd period - Bo Horvat wins face-off versus Ryan Leonard in Golden Knights zone.
6:08 of 2nd period - Wrist shot by Mason Appleton.
6:08 of 2nd period - Goal by Mason Appleton - Panthers : 2 - Golden Knights : 2.
6:09 of 2nd period - Pius Suter wins face-off versus Jack Hughes in neutral zone.
6:55 of 2nd period - Snap shot by Ryan Leonard.
6:55 of 2nd period - Stopped by Philipp Grubauer with a rebound.
6:57 of 2nd period - Slapshot by Mike Matheson.
6:57 of 2nd period - Shot Misses the Net.
6:59 of 2nd period - Slapshot by Josh Morrissey.
6:59 of 2nd period - Deflect By Ryan Leonard.
6:59 of 2nd period - Goal by Ryan Leonard - Panthers : 2 - Golden Knights : 3.
7:00 of 2nd period - Jack Hughes wins face-off versus Pius Suter in neutral zone.
7:22 of 2nd period - Minor Penalty to Jaden Schwartz for Roughing.
7:23 of 2nd period - Tomas Hertl wins face-off versus Jack Hughes in Panthers zone.
7:32 of 2nd period - Snap shot by Alex DeBrincat.
7:32 of 2nd period - Stopped by Philipp Grubauer with a rebound.
7:48 of 2nd period - Mark Stone is hit by Nazem Kadri and loses puck.
9:22 of 2nd period - Penalty to Jaden Schwartz is over, Jaden Schwartz is back on ice.
9:24 of 2nd period - Jaden Schwartz is hit by Taylor Raddysh and loses puck.
10:59 of 2nd period - Snap shot by Tomas Hertl.
10:59 of 2nd period - Stopped by Philipp Grubauer without a rebound.
11:00 of 2nd period - Tomas Hertl wins face-off versus Nazem Kadri in Panthers zone.
11:05 of 2nd period - Tomas Hertl is hit by Nazem Kadri and loses puck.
11:10 of 2nd period - Slapshot by Nazem Kadri.
11:10 of 2nd period - Shot Blocked by Alex DeBrincat.
11:43 of 2nd period - Josh Anderson is hit by Mason Appleton and loses puck.
11:52 of 2nd period - Slapshot by Bo Horvat.
11:52 of 2nd period - Stopped by Sergei Bobrovsky without a rebound.
11:53 of 2nd period - Nazem Kadri wins face-off versus Tomas Hertl in Golden Knights zone.
12:00 of 2nd period - Backhand shot by Eetu Luostarinen.
12:00 of 2nd period - Stopped by Sergei Bobrovsky without a rebound.
12:01 of 2nd period - Tomas Hertl wins face-off versus Eetu Luostarinen in Golden Knights zone.
12:01 of 2nd period - Tomas Hertl is hit by Dmitry Orlov.
13:53 of 2nd period - Snap shot by Nazem Kadri.
13:53 of 2nd period - Deflect By Eetu Luostarinen.
13:53 of 2nd period - Shot Misses the Net.
13:53 of 2nd period - Puck is out of play.
13:54 of 2nd period - Jack Hughes wins face-off versus Pius Suter in Golden Knights zone.
13:57 of 2nd period - Wrist shot by Jaden Schwartz.
13:57 of 2nd period - Shot Misses the Net.
14:19 of 2nd period - Shane Pinto is hit by Adam Lowry and loses puck.
14:42 of 2nd period - Nick Blankenburg is hit by Dmitry Kulikov.
15:00 of 2nd period - Wrist shot by Bo Horvat.
15:00 of 2nd period - Deflect By Mason Appleton.
15:00 of 2nd period - Stopped by Sergei Bobrovsky without a rebound.
15:01 of 2nd period - Bo Horvat wins face-off versus Pius Suter in Golden Knights zone.
15:06 of 2nd period - Backhand shot by Mason Appleton.
15:06 of 2nd period - Stopped by Sergei Bobrovsky with a rebound.
15:08 of 2nd period - Slapshot by Axel Sandin-Pellikka.
15:08 of 2nd period - Stopped by Sergei Bobrovsky with a rebound.
15:18 of 2nd period - Slapshot by Jared Spurgeon.
15:18 of 2nd period - Shot Blocked by Niko Mikkola.
15:28 of 2nd period - Taylor Raddysh is hit by Jesper Fast and loses puck.
16:16 of 2nd period - Axel Sandin-Pellikka is hit by Joel Farabee and loses puck.
16:32 of 2nd period - Snap shot by Adam Lowry.
16:32 of 2nd period - Shot Blocked by Brett Pesce.
16:34 of 2nd period - Wrist shot by Mason Appleton.
16:34 of 2nd period - Deflect By Adam Lowry.
16:34 of 2nd period - Shot Hit the Post.
16:34 of 2nd period - Puck is out of play.
16:35 of 2nd period - Patrick Brown wins face-off versus Jack Hughes in Golden Knights zone.
16:35 of 2nd period - Patrick Brown is hit by Jeff Petry.
16:43 of 2nd period - Snap shot by Jack Hughes.
16:43 of 2nd period - Stopped by Sergei Bobrovsky with a rebound.
16:56 of 2nd period - Off-side.
16:57 of 2nd period - Pius Suter wins face-off versus Nazem Kadri in neutral zone.
17:02 of 2nd period - Dmitry Orlov is hit by Josh Anderson and loses puck.
17:11 of 2nd period - Slapshot by Jared Spurgeon.
17:11 of 2nd period - Shot Misses the Net.
17:13 of 2nd period - Slapshot by Brett Pesce.
17:13 of 2nd period - Shot Blocked by Nazem Kadri.
17:33 of 2nd period - Wrist shot by Taylor Raddysh.
17:33 of 2nd period - Stopped by Philipp Grubauer with a rebound.
17:35 of 2nd period - Slapshot by Taylor Raddysh.
17:35 of 2nd period - Shot Blocked by Jeff Petry.
17:37 of 2nd period - Wrist shot by Taylor Raddysh.
17:37 of 2nd period - Shot Blocked by Jeff Petry.
17:47 of 2nd period - Slapshot by Josh Morrissey.
17:47 of 2nd period - Shot Misses the Net.
17:49 of 2nd period - Wrist shot by Josh Anderson.
17:49 of 2nd period - Shot Misses the Net.
17:57 of 2nd period - Slapshot by Josh Morrissey.
17:57 of 2nd period - Stopped by Philipp Grubauer with a rebound.
17:59 of 2nd period - Slapshot by Josh Morrissey.
17:59 of 2nd period - Stopped by Philipp Grubauer without a rebound.
18:00 of 2nd period - Jack Hughes wins face-off versus Joel Farabee in Panthers zone.
18:07 of 2nd period - Wrist shot by Jesper Fast.
18:07 of 2nd period - Shot Blocked by Joel Farabee.
18:27 of 2nd period - Alex DeBrincat is hit by Bo Horvat and loses puck.
18:36 of 2nd period - Snap shot by Adam Lowry.
18:36 of 2nd period - Deflect By Bo Horvat.
18:36 of 2nd period - Shot Misses the Net.
18:36 of 2nd period - Puck is out of play.
18:37 of 2nd period - Bo Horvat wins face-off versus Shane Pinto in Golden Knights zone.
18:43 of 2nd period - Off-side.
18:44 of 2nd period - Shane Pinto wins face-off versus Bo Horvat in neutral zone.
18:47 of 2nd period - Bo Horvat is hit by Joel Farabee and loses puck.
19:10 of 2nd period - Alex DeBrincat is hit by Jaden Schwartz and loses puck.
19:33 of 2nd period - Ondrej Kase is hit by Brett Pesce and loses puck.
19:59 of 2nd period - Off-side.
Goals for this period are 1 for Panthers vs 1 for Golden Knights.
Shots for this period are 8 for Panthers vs 18 for Golden Knights.

3rd period


0:01 of 3rd period - Shane Pinto wins face-off versus Jack Hughes in neutral zone.
0:04 of 3rd period - Slapshot by Josh Morrissey.
0:04 of 3rd period - Stopped by Philipp Grubauer with a rebound.
0:06 of 3rd period - Wrist shot by Shane Pinto.
0:06 of 3rd period - Shot Misses the Net.
0:08 of 3rd period - Wrist shot by Ryan Leonard.
0:08 of 3rd period - Stopped by Philipp Grubauer without a rebound.
0:09 of 3rd period - Jack Hughes wins face-off versus Shane Pinto in Panthers zone.
0:09 of 3rd period - Jack Hughes is hit by Mike Matheson.
0:36 of 3rd period - Snap shot by Shane Pinto.
0:36 of 3rd period - Stopped by Philipp Grubauer without a rebound.
0:37 of 3rd period - Bo Horvat wins face-off versus Tomas Hertl in Panthers zone.
1:02 of 3rd period - Dmitry Orlov is hit by Josh Anderson and loses puck.
1:09 of 3rd period - Slapshot by Nazem Kadri.
1:09 of 3rd period - Stopped by Sergei Bobrovsky without a rebound.
1:10 of 3rd period - Shane Pinto wins face-off versus Jack Hughes in Golden Knights zone.
1:14 of 3rd period - Josh Morrissey is hit by Jaden Schwartz and loses puck.
2:01 of 3rd period - Snap shot by Adam Lowry.
2:01 of 3rd period - Shot Hit the Post.
2:23 of 3rd period - Snap shot by Jack Hughes.
2:23 of 3rd period - Goal by Jack Hughes - Panthers : 3 - Golden Knights : 3.
2:24 of 3rd period - Jack Hughes wins face-off versus Ryan Leonard in neutral zone.
2:27 of 3rd period - Slapshot by Dmitry Orlov.
2:27 of 3rd period - Stopped by Sergei Bobrovsky with a rebound.
2:33 of 3rd period - Snap shot by Ryan Leonard.
2:33 of 3rd period - Shot Blocked by Jeff Petry.
2:35 of 3rd period - Slapshot by Jared Spurgeon.
2:35 of 3rd period - Shot Blocked by Jesper Fast.
2:37 of 3rd period - Slapshot by Brett Pesce.
2:37 of 3rd period - Shot Misses the Net.
2:56 of 3rd period - Backhand shot by Brett Pesce.
2:56 of 3rd period - Shot Blocked by Jeff Petry.
3:24 of 3rd period - Slapshot by Tomas Hertl.
3:24 of 3rd period - Stopped by Philipp Grubauer without a rebound.
3:25 of 3rd period - Shane Pinto wins face-off versus Jack Hughes in Panthers zone.
3:34 of 3rd period - Backhand shot by Jesper Fast.
3:34 of 3rd period - Shot Blocked by Owen Power.
3:36 of 3rd period - Snap shot by Axel Sandin-Pellikka.
3:36 of 3rd period - Stopped by Sergei Bobrovsky with a rebound.
3:38 of 3rd period - Snap shot by Jesper Fast.
3:38 of 3rd period - Stopped by Sergei Bobrovsky without a rebound.
3:39 of 3rd period - Bo Horvat wins face-off versus Tomas Hertl in Golden Knights zone.
3:46 of 3rd period - Slapshot by Axel Sandin-Pellikka.
3:46 of 3rd period - Shot Misses the Net.
3:54 of 3rd period - Slapshot by Mike Matheson.
3:54 of 3rd period - Shot Misses the Net.
3:56 of 3rd period - Slapshot by Josh Morrissey.
3:56 of 3rd period - Deflect By Bo Horvat.
3:56 of 3rd period - Stopped by Philipp Grubauer without a rebound.
3:57 of 3rd period - Jaden Schwartz wins face-off versus Pius Suter in Panthers zone.
4:11 of 3rd period - Snap shot by Jaden Schwartz.
4:11 of 3rd period - Stopped by Sergei Bobrovsky with a rebound.
4:13 of 3rd period - Wrist shot by Jaden Schwartz.
4:13 of 3rd period - Stopped by Sergei Bobrovsky without a rebound.
4:14 of 3rd period - Shane Pinto wins face-off versus Bo Horvat in Golden Knights zone.
5:43 of 3rd period - Snap shot by Mason Appleton.
5:43 of 3rd period - Stopped by Sergei Bobrovsky with a rebound.
6:03 of 3rd period - Wrist shot by Jaden Schwartz.
6:03 of 3rd period - Shot Blocked by Josh Morrissey.
6:05 of 3rd period - Slapshot by Jeff Petry.
6:05 of 3rd period - Deflect By Taylor Raddysh.
6:05 of 3rd period - Stopped by Sergei Bobrovsky without a rebound.
6:06 of 3rd period - Jack Hughes wins face-off versus Pius Suter in Golden Knights zone.
6:15 of 3rd period - Backhand shot by Josh Anderson.
6:15 of 3rd period - Stopped by Philipp Grubauer with a rebound.
6:17 of 3rd period - Slapshot by Mike Matheson.
6:17 of 3rd period - Shot Blocked by Jack Hughes.
6:19 of 3rd period - Slapshot by Mike Matheson.
6:19 of 3rd period - Shot Blocked by Axel Sandin-Pellikka.
6:28 of 3rd period - Minor Penalty to Jesper Fast for Holding.
6:29 of 3rd period - Nazem Kadri wins face-off versus Shane Pinto in Panthers zone.
6:43 of 3rd period - Backhand shot by Mark Stone.
6:43 of 3rd period - Goal by Mark Stone - Panthers : 3 - Golden Knights : 4.
6:44 of 3rd period - Tomas Hertl wins face-off versus Jack Hughes in neutral zone.
6:58 of 3rd period - Niko Mikkola is hit by Tomas Hertl and loses puck.
7:21 of 3rd period - Slapshot by Mike Matheson.
7:21 of 3rd period - Shot Misses the Net.
7:51 of 3rd period - Slapshot by Niko Mikkola.
7:51 of 3rd period - Stopped by Sergei Bobrovsky without a rebound.
7:52 of 3rd period - Michael McLeod wins face-off versus Patrick Brown in Golden Knights zone.
9:01 of 3rd period - Wrist shot by Ryan Leonard.
9:01 of 3rd period - Stopped by Philipp Grubauer with a rebound.
9:03 of 3rd period - Slapshot by Owen Power.
9:03 of 3rd period - Shot Misses the Net.
9:25 of 3rd period - Pius Suter is hit by Bo Horvat and loses puck.
9:43 of 3rd period - Mark Stone is hit by Dmitry Kulikov and loses puck.
10:19 of 3rd period - Mike Matheson is hit by Bo Horvat.
10:52 of 3rd period - Slapshot by Nathan Bastian.
10:52 of 3rd period - Shot Misses the Net.
10:54 of 3rd period - Slapshot by Jared Spurgeon.
10:54 of 3rd period - Shot Blocked by Nazem Kadri.
10:56 of 3rd period - Slapshot by Jared Spurgeon.
10:56 of 3rd period - Stopped by Philipp Grubauer with a rebound.
11:06 of 3rd period - Bo Horvat is hit by Shane Pinto and loses puck.
11:21 of 3rd period - Slapshot by Jared Spurgeon.
11:21 of 3rd period - Stopped by Philipp Grubauer without a rebound.
11:22 of 3rd period - Pius Suter wins face-off versus Jack Hughes in Panthers zone.
11:23 of 3rd period - Snap shot by Taylor Raddysh.
11:23 of 3rd period - Stopped by Philipp Grubauer with a rebound.
11:33 of 3rd period - Slapshot by Pius Suter.
11:33 of 3rd period - Stopped by Philipp Grubauer without a rebound.
11:34 of 3rd period - Tomas Hertl wins face-off versus Bo Horvat in Panthers zone.
11:51 of 3rd period - Snap shot by Tomas Hertl.
11:51 of 3rd period - Shot Blocked by Dmitry Kulikov.
12:10 of 3rd period - Snap shot by Ryan Leonard.
12:10 of 3rd period - Deflect By Shane Pinto.
12:10 of 3rd period - Shot Blocked by Dmitry Kulikov.
12:10 of 3rd period - Puck is out of play.
12:11 of 3rd period - Pius Suter wins face-off versus Jesper Fast in Panthers zone.
12:14 of 3rd period - Wrist shot by Taylor Raddysh.
12:14 of 3rd period - Stopped by Philipp Grubauer with a rebound.
12:16 of 3rd period - Wrist shot by Taylor Raddysh.
12:16 of 3rd period - Stopped by Philipp Grubauer with a rebound.
12:18 of 3rd period - Snap shot by Josh Anderson.
12:18 of 3rd period - Shot Misses the Net.
12:20 of 3rd period - Snap shot by Josh Morrissey.
12:20 of 3rd period - Stopped by Philipp Grubauer without a rebound.
12:21 of 3rd period - Pius Suter wins face-off versus Jack Hughes in Panthers zone.
12:54 of 3rd period - Wrist shot by Josh Anderson.
12:54 of 3rd period - Stopped by Philipp Grubauer with a rebound.
12:56 of 3rd period - Snap shot by Josh Anderson.
12:56 of 3rd period - Stopped by Philipp Grubauer without a rebound.
12:57 of 3rd period - Shane Pinto wins face-off versus Bo Horvat in Panthers zone.
12:57 of 3rd period - Joel Farabee is hit by Dmitry Kulikov and loses puck.
13:24 of 3rd period - Icing by Ondrej Kase.
13:25 of 3rd period - Nazem Kadri wins face-off versus Tomas Hertl in Panthers zone.
13:25 of 3rd period - Nazem Kadri is hit by Jared Spurgeon.
13:36 of 3rd period - Minor Penalty to Jeff Petry for Hooking.
13:37 of 3rd period - Tomas Hertl wins face-off versus Jack Hughes in Panthers zone.
14:02 of 3rd period - Nazem Kadri is hit by Mike Matheson and loses puck.
14:29 of 3rd period - Snap shot by Bo Horvat.
14:29 of 3rd period - Shot Misses the Net.
14:35 of 3rd period - Bo Horvat is hit by Tomas Hertl and loses puck.
14:58 of 3rd period - Dmitry Kulikov is hit by Shane Pinto and loses puck.
15:36 of 3rd period - Penalty to Jeff Petry is over, Jeff Petry is back on ice.
15:59 of 3rd period - Adam Lowry is hit by Nick Blankenburg and loses puck.
16:10 of 3rd period - Snap shot by Nathan Bastian.
16:10 of 3rd period - Stopped by Philipp Grubauer with a rebound.
16:24 of 3rd period - Mike Matheson is hit by Jaden Schwartz and loses puck.
17:21 of 3rd period - Niko Mikkola is hit by Kieffer Bellows.
17:31 of 3rd period - Michael McLeod is hit by Joel Farabee and loses puck.
18:06 of 3rd period - Mason Appleton is hit by Josh Anderson and loses puck.
18:29 of 3rd period - Kieffer Bellows is hit by Jesper Fast and loses puck.
19:27 of 3rd period - Panthers, Philipp Grubauer is pulled from the net.
19:43 of 3rd period - Wrist shot by Jack Hughes.
19:43 of 3rd period - Shot Misses the Net.
19:45 of 3rd period - Wrist shot by Jack Hughes.
19:45 of 3rd period - Stopped by Sergei Bobrovsky with a rebound.
19:47 of 3rd period - Slapshot by Mason Appleton.
19:47 of 3rd period - Shot Misses the Net.
19:49 of 3rd period - Snap shot by Axel Sandin-Pellikka.
19:49 of 3rd period - Deflect By Jack Hughes.
19:49 of 3rd period - Stopped by Sergei Bobrovsky with a rebound.
19:57 of 3rd period - Slapshot by Jack Hughes.
19:57 of 3rd period - Stopped by Sergei Bobrovsky with a rebound.
19:59 of 3rd period - Backhand shot by Dmitry Kulikov.
19:59 of 3rd period - Shot Blocked by Brett Pesce.
Goals for this period are 1 for Panthers vs 1 for Golden Knights.
Shots for this period are 13 for Panthers vs 18 for Golden Knights.